 Dungeon Crawl Stone Soup version 0.30.0-10-gfe55d96785 (webtiles) character file.

Game seed: 12163123758561877010

462 croobank the Digger (level 7, -1/51 HPs)
             Began as a Gnoll Earth Elementalist on May 14, 2023.
             Slain by a gnoll
             ... wielding a +0 flail
              (9 damage)
             ... on level 3 of the Dungeon.
             The game lasted 00:12:43 (3636 turns).

croobank the Digger (Gnoll Earth Elementalist)      Turns: 3636, Time: 00:12:44

Health: -1/51      AC:  2    Str:  7    XL:     7   Next: 7%
Magic:  2/15       EV:  8    Int: 17    God:
Gold:   288        SH:  0    Dex: 18    Spells: 6/17 levels left

rFire   . . .        r - +1 mace (drain)
rCold   . . .        (no shield)
rNeg    . . .        a - +0 robe
rPois   .            (no helmet)
rElec   .            (no cloak)
rCorr   .            (no gloves)
SInv    .            (no boots)
Will    .....        c - amulet of reflection
Stlth   +++          m - +6 ring of dexterity
HPRegen 0.28/turn    (no ring)
MPRegen 0.14/turn

%: reflection
@: lethally poisoned (-1 -> -3), held, slowed, invisible, very slow
A: fangs 1, strong nose, distributed training
a: no special abilities


You were on level 3 of the Dungeon.
You visited 1 branch of the dungeon, and saw 3 of its levels.

You collected 288 gold pieces.

Inventory:

Hand Weapons
 b - a +2 flail of protection
 f - a +0 dagger
 h - a +0 short sword
 r - a +1 mace of draining (weapon)
 t - a +0 falchion
 u - a +0 long sword
Missiles
 i - a throwing net
 p - 3 silver javelins
Armour
 a - a +0 robe (worn)
 k - a +0 ring mail of cold resistance
Magical Staves
 d - a staff of earth
Jewellery
 c - an amulet of reflection (around neck)
 m - a +6 ring of dexterity (left hand)
Wands
 q - a wand of light (4)
Scrolls
 s - 3 scrolls of teleportation
Potions
 e - a potion of resistance
 g - a potion of cancellation
 l - a potion of curing
 n - a potion of might {unknown}
 o - 2 potions of lignification {unknown}


   Skills:
 + Level 2.3 Fighting
 + Level 2.3 Short Blades
 + Level 2.3 Long Blades
 + Level 2.3 Axes
 + Level 2.3 Maces & Flails
 + Level 2.3 Polearms
 + Level 2.3 Staves
 + Level 2.3 Ranged Weapons
 + Level 2.3 Throwing
 + Level 2.3 Armour
 + Level 5.2 Dodging
 + Level 4.8 Stealth
 + Level 2.3 Shields
 + Level 2.3 Unarmed Combat
 + Level 5.5 Spellcasting
 + Level 1.9 Conjurations
 + Level 1.9 Hexes
 + Level 1.9 Summonings
 + Level 1.9 Necromancy
 + Level 1.9 Translocations
 + Level 2.9 Transmutations
 + Level 1.9 Fire Magic
 + Level 1.9 Ice Magic
 + Level 1.9 Air Magic
 + Level 5.8 Earth Magic
 + Level 1.9 Poison Magic
 + Level 2.6 Invocations
 + Level 2.3 Evocations


You had 6 spell levels left.
You knew the following spells:

 Your Spells              Type           Power      Damage    Failure   Level
a - Sandblast             Erth           48%        2d12      1%          1
b - Stone Arrow           Conj/Erth      34%        3d9       9%          3
c - Petrify               Tmut/Erth      19%        N/A       22%         4
d - Ozocubu's Armour      Ice            11%        N/A       19%         3

Your spell library contained the following spells:

 Spells                   Type           Power      Damage    Failure   Level
 Passwall                 Tmut/Erth      15%        N/A       3%          2
 Ozocubu's Refrigeration  Ice            5%         4d8       100%        7


Dungeon Overview and Level Annotations

Branches:
Dungeon (3/15)

Altars:
Ru

Shops:
D:3 (


Innate Abilities, Weirdness & Mutations

You have very sharp teeth.
Your uncanny sense of smell can sniff out nearby items.
Your experience applies equally to all skills.


Message History

The kobold brigand throws a curare-tipped dart.
You block the curare-tipped dart with an invisible shield... and reflect it back!
The curare-tipped dart hits the kobold brigand.
The kobold brigand is poisoned.
The kobold brigand convulses.
The kobold brigand seems to slow down.
A gnoll comes into view. It is wielding a +0 flail.
The gnoll shouts!
The kobold brigand throws a curare-tipped dart.
The curare-tipped dart hits you.
You are poisoned.
You have difficulty breathing.
You feel yourself slow down.
You feel very sick.
The gnoll throws a throwing net.
The throwing net hits you.
You become entangled in the net!
There is an open door here.
You see here a throwing net.
Casting: Stone Arrow (dangerous; 9% risk of failure)
Confirm with . or Enter, or press ? or * to list all spells.
Aiming: Stone Arrow (dangerous; 9% risk of failure)
Press: ? - help, Shift-Dir - straight line, f/p - kobold brigand
Aim: a kobold brigand, wielding a +0 short sword and quivering curare-tipped darts (lightly wounded, very poisoned, slow, 60% to hit)
The stone arrow hits the kobold brigand!
The kobold brigand is heavily wounded.
You feel very sick. The gnoll hits you with a +0 flail!
The kobold brigand closely misses you.
Casting: Stone Arrow (dangerous; 9% risk of failure)
Confirm with . or Enter, or press ? or * to list all spells.
Aiming: Stone Arrow (dangerous; 9% risk of failure)
Press: ? - help, Shift-Dir - straight line, f/p - kobold brigand
Aim: a kobold brigand, wielding a +0 short sword and quivering curare-tipped darts (severely wounded, very poisoned, slow, 60% to hit)
The stone arrow hits the kobold brigand!!
You kill the kobold brigand!
You feel sick. The gnoll hits you with a +0 flail!
* * * LOW HITPOINT WARNING * * *
The gnoll completely misses you.
You have reached level 7!
Okay, then.
You fade into invisibility!
You feel sick. The gnoll hits you with a +0 flail!
You die...

#####.......######.)#############
.......)..........)..............
~~≈~≈≈~~≈~≈~~~~~~....~~~≈~~~~~~~~
≈≈≈≈≈≈≈≈≈≈≈≈≈≈≈≈~....~≈≈≈≈≈≈≈~≈≈≈
#####~~~~)≈~~)~~~...)~~~~~~~~~≈~~
#.g #............................
#. #############''''############
# #.....#######.)..###
#....)'..g.g@)...'...
#..)..#######g...#### #####
##''## ..... ...... ...... ......
∆ #### ∆∆∆ ∆∆∆


You could see 3 gnolls.

Vanquished Creatures
  Pargi (D:3)
  A kobold brigand (D:3)
  2 howler monkeys (D:3)
  A gnoll bouda (D:3)
  Terence (D:2)
  8 gnolls
  4 adders
  A worm (D:3)
  A dart slug (D:3)
  11 orcs
  5 ball pythons
  3 bats
  6 endoplasms
  A goblin (D:2)
  A hobgoblin (D:2)
  10 jackals
  5 kobolds
  2 quokkas (D:1)
  2 frilled lizards (D:3)
  3 rats (D:1)
69 creatures vanquished.

Notes
Turn   | Place    | Note
-------+----------+-------------------------------------------
     0 | D:1      | croobank the Gnoll Earth Elementalist began the quest for
                  | the Orb.
     0 | D:1      | Reached XP level 1. HP: 13/13 MP: 6/6
   205 | D:1      | Reached XP level 2. HP: 19/19 MP: 5/7
   768 | D:2      | Reached skill level 5 in Spellcasting
   768 | D:2      | Reached XP level 3. HP: 24/25 MP: 4/9
   779 | D:2      | Reached skill level 1 in Invocations
  1109 | D:2      | Learned a level 3 spell: Stone Arrow
  1392 | D:2      | Reached skill level 1 in Fighting
  1392 | D:2      | Reached skill level 1 in Short Blades
  1392 | D:2      | Reached skill level 1 in Long Blades
  1392 | D:2      | Reached skill level 1 in Axes
  1392 | D:2      | Reached skill level 1 in Maces & Flails
  1392 | D:2      | Reached skill level 1 in Polearms
  1392 | D:2      | Reached skill level 1 in Staves
  1392 | D:2      | Reached skill level 1 in Ranged Weapons
  1392 | D:2      | Reached skill level 1 in Throwing
  1392 | D:2      | Reached skill level 1 in Armour
  1392 | D:2      | Reached skill level 1 in Shields
  1392 | D:2      | Reached skill level 1 in Unarmed Combat
  1392 | D:2      | Reached skill level 1 in Evocations
  1591 | D:2      | Noticed Terence
  1626 | D:2      | Killed Terence
  1627 | D:2      | Reached XP level 4. HP: 19/32 MP: 3/11
  1799 | D:3      | Reached skill level 1 in Conjurations
  1799 | D:3      | Reached skill level 1 in Hexes
  1799 | D:3      | Reached skill level 1 in Summonings
  1799 | D:3      | Reached skill level 1 in Necromancy
  1799 | D:3      | Reached skill level 1 in Translocations
  1799 | D:3      | Reached skill level 1 in Fire Magic
  1799 | D:3      | Reached skill level 1 in Ice Magic
  1799 | D:3      | Reached skill level 1 in Air Magic
  1799 | D:3      | Reached skill level 1 in Poison Magic
  2148 | D:3      | Reached XP level 5. HP: 37/37 MP: 2/12
  2153 | D:3      | Learned a level 4 spell: Petrify
  2445 | D:3      | Found Noichi's Weapon Shoppe.
  2495 | D:3      | Found a sacrificial altar of Ru.
  2594 | D:3      | Reached XP level 6. HP: 44/44 MP: 8/13
  2598 | D:3      | Learned a level 3 spell: Ozocubu's Armour
  2654 | D:3      | Noticed Pargi
  2678 | D:3      | Killed Pargi
  2679 | D:3      | Reached skill level 5 in Dodging
  3636 | D:3      | Reached XP level 7. HP: 10/51 MP: 1/15
  3636 | D:3      | Slain by a gnoll

Illustrated notes

Levels and vault maps discovered:
D:1:      lightli_arrival_maybe_door_vault, layout_basic
D:2:      layout_basic, bh_walls_and_bars, uniq_terence
D:3:      lemuel_castle_with_subvaults [lemuel_castle_interior_original],
          layout_basic, mainiacjoe_overflow_chevrons, serial_shops, shop,
          uniq_pargi

Skill      XL: |  1  2  3  4  5  6 |
---------------+-------------------+-----
Transmutations | 2 |  2.9
Spellcasting   | 5 |  5.5
Invocations    | 1 2 |  2.6
Fighting       | 1 2 |  2.3
Short Blades   | 1 2 |  2.3
Long Blades    | 1 2 |  2.3
Axes           | 1 2 |  2.3
Maces & Flails | 1 2 |  2.3
Polearms       | 1 2 |  2.3
Staves         | 1 2 |  2.3
Ranged Weapons | 1 2 |  2.3
Throwing       | 1 2 |  2.3
Armour         | 1 2 |  2.3
Shields        | 1 2 |  2.3
Unarmed Combat | 1 2 |  2.3
Evocations     | 1 2 |  2.3
Conjurations   | 1 |  1.9
Hexes          | 1 |  1.9
Summonings     | 1 |  1.9
Necromancy     | 1 |  1.9
Translocations | 1 |  1.9
Fire Magic     | 1 |  1.9
Ice Magic      | 1 |  1.9
Air Magic      | 1 |  1.9
Poison Magic   | 1 |  1.9
Dodging        | 5 |  5.2
Stealth        | |  4.8
Earth Magic    | |  5.8

Action                     |  1- 3 |  4- 6 |  7- 9 || total
---------------------------+-------+-------+-------++-------
  Melee: Staff             |       |     6 |       ||     6
         Punch             |       |     1 |       ||     1
         Mace              |       |     8 |       ||     8
         Bite              |       |     2 |       ||     2
   Cast: Sandblast         |    35 |    18 |       ||    53
         Stone Arrow       |     2 |    40 |       ||    42
         Petrify           |       |     2 |       ||     2
         Ozocubu's Armour  |       |     1 |       ||     1
    Use: Scroll            |     1 |     5 |       ||     6
         Potion            |       |     1 |     1 ||     2
   Stab: Petrified         |       |     8 |       ||     8
 Armour: Robe              |     1 |    11 |       ||    12
  Dodge: Dodged            |     8 |    29 |       ||    37
  Block: Other             |       |    16 |       ||    16
         Reflection        |       |     4 |       ||     4
